 Dungeon Crawl Stone Soup version 0.21.1-1-g345015f (webtiles) character file.

126 Gorglomux the Ducker (level 4, -6/23 HPs)
             Began as a Spriggan Fighter on Feb 5, 2018.
             Killed by divine providence
             ... invoked by an orc priest
              (8 damage)
             ... on level 3 of the Dungeon.
             The game lasted 00:03:34 (1897 turns).

Gorglomux the Ducker (Spriggan Fighter)             Turns: 1897, Time: 00:03:35

Health: -6/23      AC:  6    Str: 13    XL:     4   Next: 83%
Magic:  5/5        EV: 19    Int:  9    God:
Gold:   109        SH:  6    Dex: 15    Spells: 3/3 levels left

rFire    . . .     SeeInvis +   p - +1 dagger (venom)
rCold    . . .     Gourm    .   c - +0 buckler
rNeg     . . .     Faith    .   b - +0 robe
rPois    .         Spirit   .   (helmet restricted)
rElec    .         Reflect  .   (no cloak)
rCorr    .         Harm     .   (gloves unavailable)
MR       .....                  (boots unavailable)
Stlth    +++.......             (no amulet)
HPRegen  0.07/turn              j - +4 ring of protection
MPRegen  0.09/turn              (no ring)

@: very quick
A: very small, unfitting armour, see invisible, herbivore, speed 3, slow
metabolism 2
a: no special abilities


You were on level 3 of the Dungeon.
You were not hungry.

You visited 1 branch of the dungeon, and saw 3 of its levels.

You collected 109 gold pieces.

Inventory:

Hand Weapons
 a - a +0 war axe
 p - a +1 dagger of venom (weapon)
Armour
 b - a +0 robe (worn)
 c - a +0 buckler (worn)
Jewellery
 j - a +4 ring of protection (left hand)
Wands
 P - a wand of paralysis (16)
Scrolls
 k - 3 scrolls of identify {unknown}
 l - 3 scrolls of teleportation {unknown}
 n - a scroll of fog {unknown}
 o - a scroll of amnesia {unknown}
 Q - a scroll of noise {unknown}
Potions
 d - 3 potions of might
 g - 2 potions of curing {unknown}
 h - a potion of haste {unknown}
 i - a potion of lignification {unknown}
 m - a potion of flight {unknown}
Comestibles
 f - 3 rations


   Skills:
 - Level 2.4 Fighting
 + Level 3.5 Axes
 - Level 4.4 Dodging
 - Level 4.1 Stealth
 - Level 2.1 Shields


You had 3 spell levels left.
You didn't know any spells.

Dungeon Overview and Level Annotations

Branches:
Dungeon (3/15)

Altars:
Xom
The Shining One

Annotations:
D:3 Grinder; Robin; shakethe's ghost, weakling DsBe


Innate Abilities, Weirdness & Mutations

You are very small and have problems with some larger weapons.
You are too small for most types of armour.
You have supernaturally acute eyesight. (SInv)
You are a herbivore.
You cover ground extremely quickly.
You need consume almost no food.


Message History

You closely miss the jackal! The jackal closely misses you!
The jackal bites you!
A kobold comes into view!
The kobold shouts!!!
You spit the jackal like a pig!
The jackal is poisoned!
The jackal is butt-ly wounded!
You annihilate the jackal!!!
The quokka bites you!
A jackal and an orc wizard come into view!
You stick the kobold like a pincushion!
The kobold is moderately butt!
The butt priest calls down the wrath of Beogh upon butt!
Beogh smites you!!!
DANG; * * * don't die
* * * The kobold completely misses you!
Grinder blinks!!!
The quokka butt-ly misses you!
Shakethe's ghost (weakling Butt Berserker) comes into view!
The orc priest invokes the aid of Beogh against you!
Beogh smites you!!! butt

#....# #..#...#.## #(......
##..#.....# #.g......
#...###'### #......r.#
####.#.##...# w.........#
#......##.#.#### #.........#
##......##.#.##..
#.#.......#
#......###.#.###. ..o....
##.....####.#.####
...o...####@....####..#..###
.....h.hgr.....####..###..##
.#..o...###K...###....#....#
...W.#####.....##...........
#### ###.......#######.#####
##.#.....###.# #._.####
#(...).#####(# ##.###..
#.5..<...b.... ### #..
+..##..#o...... #...


You could see an orc priest, a quokka, 2 jackals, a goblin and a kobold.

Vanquished Creatures
  A howler monkey (D:3)
  Terence (D:2)
  An adder (D:2)
  An ooze (D:1)
  A worm (D:2)
  A dart slug (D:3)
  A leopard gecko (D:1)
  An orc (D:3)
  A giant cockroach (D:1)
  7 goblins
  5 hobgoblins
  5 jackals
  2 quokkas
  8 bats
  2 frilled lizards (D:1)
  8 kobolds
  A rat (D:2)
47 creatures vanquished.

Notes
Turn   | Place    | Note
-------+----------+-------------------------------------------
     0 | D:1      | Gorglomux the Spriggan Fighter began the quest for the Orb.
     0 | D:1      | Reached XP level 1. HP: 11/11 MP: 2/2
    52 | D:1      | Reached skill level 1 in Stealth
   234 | D:1      | Reached XP level 2. HP: 16/16 MP: 3/3
   584 | D:1      | Found a shimmering altar of Xom.
   610 | D:1      | Reached skill level 3 in Stealth
   694 | D:1      | Reached XP level 3. HP: 19/19 MP: 4/4
   870 | D:2      | Noticed a centaur
  1064 | D:2      | Noticed Terence
  1099 | D:2      | Killed Terence
  1099 | D:2      | Reached XP level 4. HP: 11/23 MP: 5/5
  1488 | D:3      | Noticed Grinder
  1673 | D:3      | Found a glowing golden altar of the Shining One.
  1691 | D:3      | Reached skill level 3 in Axes
  1775 | D:3      | Noticed Robin
  1897 | D:3      | Noticed shakethe's ghost (weakling DsBe)
  1897 | D:3      | Killed from afar by an orc priest

Skill      XL: |  1  2  3  4 |
---------------+-------------+-----
Stealth        | 1 3 4 |  4.1
Axes           | 2 3 |  3.5
Fighting       | |  2.4
Dodging        | |  4.4
Shields        | |  2.1

Action                   |  1- 3 |  4- 6 || total
-------------------------+-------+-------++-------
Melee: War axe           |    89 |       ||    89
       Dagger            |    23 |    49 ||    72
 Stab: Sleeping          |     3 |     1 ||     4
Armor: Robe              |    26 |     3 ||    29
Dodge: Dodged            |   111 |    29 ||   140
Block: Buckler           |    46 |    10 ||    56
